 Dungeon Crawl Stone Soup version 0.26-a0-800-g517d6fe721 (webtiles) character file.

Game seed: 13097860577809386989

231 mhtbhm the Shield-Bearer (level 6, -1/38 HPs)
             Began as a Gargoyle Fighter on Nov 11, 2020.
             Killed by nerve-wracking pain
             ... invoked by a shadow imp
             ... summoned by Eustachio
              (4 damage)
             ... on level 4 of the Dungeon.
             The game lasted 00:03:46 (2686 turns).

mhtbhm the Shield-Bearer (Gargoyle Fighter)         Turns: 2686, Time: 00:03:47

Health: -1/38      AC:  0    Str: 19 (22) XL:     6   Next: 3%
Magic:  6/6        EV: 13    Int:  6 (8)  God:
Gold:   178        SH:  0    Dex:  3 (9)  Spells: 5/5 levels left

rFire    . . .     SeeInvis .   (weapon currently unavailable)
rCold    . . .     Faith    .   (shield currently unavailable)
rNeg     + . .     Spirit   .   (armour currently unavailable)
rPois    ∞         Reflect  .   (helmet currently unavailable)
rElec    .         Harm     .   (cloak currently unavailable)
rCorr    .         Rampage  .   (gloves currently unavailable)
MR       .....                  (boots currently unavailable)
Stlth    +.........             (no amulet)
HPRegen  0.12/turn              (ring currently unavailable)
MPRegen  0.10/turn              (ring currently unavailable)

@: mighty, pig-form, attractive, very quick
A: small, negative energy resistance 1, petrification resistance, rot immunity,
AC +4
a: no special abilities


You were on level 4 of the Dungeon.
You were a filthy swine.
You visited 1 branch of the dungeon, and saw 4 of its levels.

You collected 178 gold pieces.

Inventory:

Hand Weapons
 a - a +0 flail (melded)
Armour
 b - a +3 ring mail (melded)
 c - a +0 kite shield (melded)
 n - a +0 helmet (melded)
Jewellery
 f - a ring of magical power (melded)
Scrolls
 e - a scroll of fog
 g - a scroll of teleportation {unknown}
 h - a scroll of immolation {unknown}
 l - 2 scrolls of remove curse
 p - a scroll of enchant armour {unknown}
Potions
 k - a potion of degeneration


   Skills:
 + Level 4.2 Fighting
 + Level 4.1 Maces & Flails
 + Level 4.2 Armour
 + Level 0.4 Dodging
 + Level 4.3 Shields


You had 5 spell levels left.
You didn't know any spells.
Your spell library was empty.

Dungeon Overview and Level Annotations

Branches:
Dungeon (4/15)
 Temple: D:4-7

Altars:

Annotations:
D:4 Eustachio


Innate Abilities, Weirdness & Mutations

You are resistant to torment.
((Your stone body is resilient. (AC +4)))
You are immune to poison.
You resist negative energy. (rN+)
((You are resistant to electric shocks. (rElec)))
((You can survive without breathing.))
You are immune to petrification.
You are immune to rotting.


Message History

The quasit bites you.
* * * LOW HITPOINT WARNING * * *
The quasit misses you. The quasit barely misses you. The shadow imp hits you.
* * * LOW HITPOINT WARNING * * *
Eustachio completely misses you.
It was a potion of degeneration.
There was something very wrong with that liquid.
You feel weakened.
You feel dopey.
You feel clumsy. The quasit bites you.
* * * LOW HITPOINT WARNING * * *
The quasit closely misses you. The quasit claws you.
* * * LOW HITPOINT WARNING * * *
The shadow imp closely misses you. Eustachio closely misses you.
It was a potion of attraction.
You feel attractive to monsters. The quasit closely misses you.
The quasit completely misses you. The quasit closely misses you.
The shadow imp gestures at you. Pain shoots through your body!
You die...

.#...## .......(.
..#..#..#
..#.....#
#.##.##.#
#.##.##5# ...
#.##.##b# ...#
##.##.##@# #...
#......#h# #.(###
#......55#
##..><###......###
#............).#
#..............#
#..............#
#.....#######.##
#...)†# #.#
#.....# #.#


You could see Eustachio, a quasit (summoned), a white imp (summoned), a shadow
imp (summoned) and a bat (summoned).

Vanquished Creatures
  Blork the orc (D:4)
  A hound (D:2)
  5 adders
  3 worms (D:2)
  A dart slug (D:2)
  2 leopard geckos
  An orc (D:3)
  3 ball pythons
  5 giant cockroaches
  5 goblins
  12 hobgoblins
  5 jackals
  6 kobolds
  3 quokkas
  9 bats
  2 frilled lizards (D:2)
  7 rats
71 creatures vanquished.

Notes
Turn   | Place    | Note
-------+----------+-------------------------------------------
     0 | D:1      | mhtbhm the Gargoyle Fighter began the quest for the Orb.
     0 | D:1      | Reached XP level 1. HP: 14/14 MP: 1/1
   145 | D:1      | Reached XP level 2. HP: 12/19 MP: 2/2
   591 | D:1      | Reached XP level 3. HP: 23/24 MP: 3/3
   974 | D:2      | Reached XP level 4. HP: 29/29 MP: 4/4
  1528 | D:2      | Reached XP level 5. HP: 28/33 MP: 5/5
  1705 | D:2      | You fall into a shaft and drop 1 floor!
  2597 | D:4      | Noticed Blork the orc
  2617 | D:4      | Killed Blork the orc
  2617 | D:4      | Reached XP level 6. HP: 33/38 MP: 6/6
  2666 | D:4      | Noticed Eustachio
  2686 | D:4      | Killed from afar by a shadow imp

Illustrated notes

Levels and vault maps discovered:
D:1:      dpeg_arrival_lava_temple_mockup, layout_loops_ring
D:2:      layout_basic
D:3:      layout_loops_ring, nicolae_underground_beach
D:4:      layout_basic, tgw_trog, minmay_temple_entry_waves, minivault_1,
          uniq_eustachio, uniq_blork_the_orc, uniq_purgy, uniq_menkaure

Skill      XL: |  1  2  3  4  5 |
---------------+----------------+-----
Maces & Flails | 3 4 |  4.1
Fighting       | 4 |  4.2
Shields        | 4 |  4.3
Armour         | 4 |  4.2
Dodging        | |  0.4

Action                   |  1- 3 |  4- 6 || total
-------------------------+-------+-------++-------
Melee: Flail             |   103 |   168 ||   271
       Unarmed           |       |     4 ||     4
  Use: Scroll            |       |     4 ||     4
       Potion            |       |     5 ||     5
Armor: Scale mail        |    16 |       ||    16
       Chain mail        |    59 |    55 ||   114
       Ring mail         |       |    26 ||    26
Dodge: Dodged            |    32 |    67 ||    99
Block: Kite shield       |    64 |    72 ||   136

Table legend: (Time is in decaauts)
 A = Elapsed time spent in this place.
 B = Non-inter-level travel time spent in this place.
 C = Inter-level travel time spent in this place.
 D = Time resting spent in this place.
 E = Time spent auto-exploring this place.
 F = Levels seen in this place.
 G = Mean time per level.
                   A        B        C        D        E       F      G
               +--------+--------+--------+--------+--------+-----+--------+
         Total |   2776 |   2776 |      0 |     64 |   2007 |   4 |  694.0 |
       Dungeon |   2776 |   2776 |      0 |     64 |   2007 |   4 |  694.0 |
               +--------+--------+--------+--------+--------+-----+--------+

Top non-repeatable levels by time:
     D:1: 971 daAuts
     D:2: 794 daAuts
     D:3: 749 daAuts
     D:4: 261 daAuts
